 Dungeon Crawl Stone Soup version 0.28-a0-724-g66f9036eb4 (webtiles) character file.

Game seed: 7790298542549785774

47 AarnesTheHuman the Shield-Bearer (level 3, 30/30 HPs)
             Began as a Formicid Fighter on Oct 27, 2021.
             Was a Follower of the Shining One.
             Got out of the dungeon alive.
             The game lasted 00:01:40 (1691 turns).

AarnesTheHuman the Shield-Bearer (Formicid Fighter) Turns: 1691, Time: 00:01:41

Health: 30/30      AC:  7    Str: 21    XL:     3   Next: 97%
Magic:  3/3        EV:  9    Int:  7    God:    the Shining One [*.....]
Gold:   82         SH:  4    Dex: 10    Spells: 2/2 levels left

rFire   . . .      SeeInvis +   f - +1 short sword (elec)
rCold   . . .      Faith    .   c - +0 buckler
rNeg    . . .      Spirit   .   b - +0 scale mail
rPois   .          Reflect  .   (helmet unavailable)
rElec   .          Harm     .   (no cloak)
rCorr   .          Rampage  .   (no gloves)
Will    .....                   (no boots)
Stlth   ..........              (no amulet)
HPRegen 0.10/turn               (no ring)
MPRegen 0.08/turn               (no ring)

@: glowing
A: permanent stasis, dig shafts and tunnels, antennae 3, four strong arms
a: Dig, Shaft Self, Renounce Religion


You escaped.
You worshipped the Shining One.
The Shining One was aware of your devotion.
You visited 1 branch of the dungeon, and saw 2 of its levels.

You collected 82 gold pieces.

Inventory:

Hand Weapons
 a - a +0 long sword
 f - a +1 short sword of electrocution (weapon)
 h - a +2 short sword of holy wrath
Armour
 b - a +0 scale mail (worn)
 c - a +0 buckler (worn)
Scrolls
 e - a scroll of immolation {unknown}
 g - a scroll of teleportation {unknown}
 i - a scroll of torment {unknown}
Potions
 d - a potion of might
 j - 2 potions of flight {unknown}


   Skills:
 + Level 3.8 Fighting
 + Level 2.6 Long Blades
 + Level 3.7 Armour
 + Level 4.1 Shields


You had 2 spell levels left.
You didn't know any spells.
Your spell library contained the following spells:

 Spells                   Type           Power      Damage    Failure   Level
 Passwall                 Tmut/Erth      0%         N/A       88%         2
 Invisibility             Hex            0%         N/A       100%        6
 Swiftness                Air            Unusable   N/A       N/A         3

Dungeon Overview and Level Annotations

Branches:
Dungeon (2/15)

Altars:
The Shining One


Innate Abilities, Weirdness & Mutations

You cannot be hasted, slowed, berserked, paralysed or teleported.
You can dig through walls and to a lower floor.
You have a pair of large antennae on your head. (SInv)
Your four strong arms can wield two-handed weapons with a shield.


Message History

You block the giant cockroach's attack.
You barely miss the giant cockroach. You block the giant cockroach's attack.
You closely miss the giant cockroach. The giant cockroach closely misses you.
The giant cockroach misses you.
You hit the giant cockroach.
The giant cockroach is heavily wounded.
The giant cockroach bites you but does no damage.
You barely miss the giant cockroach.
The giant cockroach is heavily wounded.
You block the giant cockroach's attack.
You closely miss the giant cockroach.
The giant cockroach is heavily wounded.
You block the giant cockroach's attack.
You hit the giant cockroach.
You kill the giant cockroach!
No reachable target in view!
You now have 82 gold pieces (gained 8).
Found 11 poisoned darts.
Found a faded altar of an unknown god.
The golden eye turns its gaze towards you.
The great orb of eyes turns its gaze towards you.
You see here 11 poisoned darts.
Found a stone staircase leading down.
The golden eye pulsates ominously.
You see here 11 poisoned darts.
There is a faded altar of an unknown god here.
You cannot tell which god this altar belongs to.
Convert to them anyway?
The Shining One accepts your prayer! The Shining One welcomes you!
You and your allies can now gain power from killing the unholy and evil.
There is an open door here.
You see here a +0 club.
There is a stone staircase leading up here.
You climb upwards.
There is a stone staircase leading down here.
You can't go up here!
You see here 5 stones.
There is a staircase leading out of the dungeon here.
Are you sure you want to leave the Dungeon?
This will make you lose the game!
You have escaped!

##......#.#.#>#.#..######.###....
#.......#.#.###.#......##.#......
.)..#####....#.........##.#.#.#..
....# #...###........##.#.#...#
.†### #.### ###......##.#.#.#.#
..#######..## ##.........#.#.###
......).†.#.# ##>..########.#....
##....##†.>## #.#..# #.#.#..
##....###.## ##@.## #.###..
##....# #.### ###.# #(.....
##....# #...###...# #######
##....###....#....# #....
........#.#.###.#.# #.###
#######.#.#.#>#.#.# #.#
......#.#.........# #.#
.###....########### #.# .###..###
### #.#


There were no monsters in sight!

Vanquished Creatures
  A gnoll (D:1)
  A worm (D:2)
  2 endoplasms (D:1)
  6 giant cockroaches
  3 goblins
  4 hobgoblins
  A jackal (D:1)
  5 kobolds (D:1)
  A ball python (D:2)
  3 bats
  4 rats (D:1)
31 creatures vanquished.

Notes
Turn   | Place    | Note
-------+----------+-------------------------------------------
     0 | D:1      | AarnesTheHuman the Formicid Fighter began the quest for the
                  | Orb.
     0 | D:1      | Reached XP level 1. HP: 18/18 MP: 1/1
   186 | D:1      | Reached XP level 2. HP: 24/24 MP: 2/2
   506 | D:1      | Reached XP level 3. HP: 29/29 MP: 3/3
   515 | D:1      | Reached skill level 4 in Shields
  1547 | D:2      | Noticed an eye of devastation
  1562 | D:2      | Noticed an eye of devastation
  1564 | D:2      | Found a faded altar of an unknown god.
  1566 | D:2      | Noticed a golden eye
  1566 | D:2      | Noticed a great orb of eyes
  1578 | D:2      | Prayed at the altar of an unknown god.
  1578 | D:2      | Became a worshipper of the Shining One
  1578 | D:2      | Reached * piety under the Shining One
  1691 | D:$      | Got out of the dungeon alive.

Illustrated notes

Levels and vault maps discovered:
D:1:      onia_arrival_handbag, layout_basic, serial_forest,
          infiniplex_forest_lined_3, infiniplex_forest_straight_2,
          infiniplex_forest_corner_1, infiniplex_forest_clump_tiny,
          infiniplex_forest_lined_3, infiniplex_forest_clump_double,
          infiniplex_forest_lined_3_way, infiniplex_forest_straight_2,
          infiniplex_forest_end_3, infiniplex_forest_clump_double,
          minmay_tripent
D:2:      layout_basic, serial_forest, infiniplex_forest_corner_2,
          infiniplex_forest_lined_3_way, infiniplex_forest_clump_tiny,
          infiniplex_forest_end_1, infiniplex_forest_corner_2,
          infiniplex_forest_straight_2, hellmonk_ecumenical_altar_watching_god,
          corexii_item_surrounded_by_moat, grunt_ministairs_15

Skill      XL: |  1  2  3 |
---------------+----------+-----
Shields        | 4 |  4.1
Fighting       | |  3.8
Long Blades    | |  2.6
Armour         | |  3.7

Action                   || total
-------------------------++-------
Melee: Long sword        ||    35
       Short sword       ||    52
Armor: Scale mail        ||    29
Dodge: Dodged            ||    34
Block: Buckler           ||    29

Table legend: (Time is in decaauts)
 A = Elapsed time spent in this place.
 B = Non-inter-level travel time spent in this place.
 C = Inter-level travel time spent in this place.
 D = Time resting spent in this place.
 E = Time spent auto-exploring this place.
 F = Levels seen in this place.
 G = Mean time per level.
                   A        B        C        D        E       F      G
               +--------+--------+--------+--------+--------+-----+--------+
         Total |   1702 |   1545 |    157 |      0 |   1319 |   2 |  851.0 |
       Dungeon |   1702 |   1545 |    157 |      0 |   1319 |   2 |  851.0 |
               +--------+--------+--------+--------+--------+-----+--------+

Top non-repeatable levels by time:
     D:1: 1325 daAuts
     D:2: 376 daAuts
